 Dungeon Crawl Stone Soup version 0.29.1-2-gbd0b4ee654 (webtiles) character file.

Game seed: 7508824491069067578

2331 Icepheonix32 the Covered (level 9, -1/112 (118) HPs)
             Began as a Minotaur Fighter on Oct 27, 2022.
             Was a Priest of Okawaru.
             Slain by a wight
             ... wielding a +3 spear
              (9 damage)
             ... on level 7 of the Dungeon.
             The game lasted 00:11:12 (7061 turns).

Icepheonix32 the Covered (Minotaur Fighter)         Turns: 7061, Time: 00:11:12

HP:   -1/112 (118)  AC: 18    Str: 22      XL:     9   Next: 19%
MP:   11/11         EV: 11    Int: 11 (13) God:    Okawaru [***...]
Gold: 244           SH:  0    Dex: 11      Spells: 8/8 levels left

rFire   . . .      SeeInvis .   P - +6 flail (protect)
rCold   + . .      Faith    +   (no shield)
rNeg    . . .      Spirit   .   b - +0 scale mail
rPois   .          Reflect  .   (helmet restricted)
rElec   .          Harm     .   B - +2 cloak
rCorr   .          Rampage  .   (no gloves)
Will    .....                   (no boots)
Stlth   ..........              z - amulet of faith
HPRegen 0.28/turn               m - ring of protection from cold
MPRegen 0.12/turn               k - +6 ring of intelligence

@: berserking (expiring), under a protective aura, drained, very quick
A: horns 2, retaliatory headbutt
a: Renounce Religion, Heroism


You were on level 7 of the Dungeon.
You worshipped Okawaru.
Okawaru was most pleased with you.
You visited 2 branches of the dungeon, and saw 8 of its levels.

You collected 403 gold pieces.
You spent 159 gold pieces at shops.

Inventory:

Hand Weapons
 a - a +0 war axe
 w - a +3 scimitar
 F - a +3 glaive of freezing
 P - a +6 flail of protection (weapon)
Missiles
 v - a throwing net
 K - 5 javelins (quivered)
Armour
 b - a +0 scale mail (worn)
 c - a +0 buckler
 g - an orb of guile
 A - a scarf of resistance
 B - a +2 cloak (worn)
 D - the +2 robe of Greed {rElec Dex+2}
   (You found it on level 4 of the Dungeon)

   Dex:       It affects your dexterity (+2).
   rElec:     It insulates you from electricity.
Jewellery
 k - a +6 ring of intelligence (right hand)
 m - a ring of protection from cold (left hand)
 t - a ring of see invisible
 z - an amulet of faith (around neck)
 E - a ring of protection from fire
 M - a ring of resist corrosion
Wands
 L - a wand of quicksilver (8)
 N - a wand of polymorph (15)
Scrolls
 h - a scroll of fear
 l - 2 scrolls of enchant weapon
 o - a scroll of amnesia
 q - a scroll of silence
 s - a scroll of teleportation
 y - a scroll of vulnerability
 J - 2 scrolls of fog
Potions
 e - 2 potions of degeneration
 i - 4 potions of lignification
 j - a potion of brilliance
 n - a potion of heal wounds
 p - 3 potions of magic
 r - a potion of curing
 u - a potion of invisibility
 C - a potion of resistance
 H - a potion of might
 I - a potion of flight


   Skills:
 * Level 7.5 Fighting
 - Level 5.2(6.6) Axes
 - Level 4.1(5.3) Maces & Flails
 - Level 4.5(5.7) Polearms
 + Level 1.0 Throwing
 + Level 7.7 Armour
 + Level 3.2 Dodging
 + Level 0.7 Stealth
 + Level 4.4 Shields
 * Level 4.7 Invocations


You had 8 spell levels left.
You didn't know any spells.
Your spell library contained the following spells:

 Spells                   Type           Power      Damage    Failure   Level
 Sting                    Tmut/Pois      0%         1d3       63%         1
 Poisonous Vapours        Pois/Air       0%         N/A       77%         2
 Frozen Ramparts          Ice            0%         1d1       94%         3
 Ice Form                 Ice/Tmut       0%         N/A       100%        4
 Olgreb's Toxic Radiance  Pois           0%         N/A       100%        4
 Petrify                  Tmut/Erth      0%         N/A       100%        4
 Metabolic Englaciation   Hex/Ice        0%         N/A       100%        5
 Statue Form              Tmut/Erth      0%         N/A       100%        6
 Summon Ice Beast         Ice/Summ       Unusable   N/A       N/A         4

Dungeon Overview and Level Annotations

Branches:
Dungeon (7/15)             Temple (1/1) D:4

Altars:
Ashenzari
Cheibriados
Dithmenos
Fedhas
Gozag
Hepliaklqana
Nemelex Xobeh
Okawaru
Qazlal
Sif Muna
Trog
Wu Jian
Zin

Shops:
D:1 ?*=[?   D:5 *


Innate Abilities, Weirdness & Mutations

You have a pair of horns on your head.
You reflexively headbutt those who attack you in melee.


Message History

* * * LOW HITPOINT WARNING * * *
A red film seems to cover your vision as you go berserk!
You feel yourself moving faster!
You feel mighty! The wight barely misses you.
You hit the wight.
Your weapon exudes an aura of protection.
The wight is heavily damaged.
You thump the wight!
You destroy the wight!
Okawaru accepts your kill. The wight hits you but does no damage.
You feel your intelligence returning.
You closely miss the wight. Your headbutt misses the wight.
The wight is heavily damaged.
The wight hits you but does no damage.
The wight hits you from afar with a +3 spear.
* * * LOW HITPOINT WARNING * * *
You closely miss the wight. You headbutt the wight.
The wight is severely damaged.
The wight hits you but does no damage. x2
You hit the wight.
You destroy the wight!
Okawaru accepts your kill. The wight hits you but does no damage.
Items here: )) [[.
You sock the wight! You headbutt the wight.
The wight is severely damaged.
The wight barely misses you. x2; You furiously retaliate!
You headbutt the wight!
You destroy the wight!
Okawaru accepts your kill. The wight hits you with a +3 spear.
* * * LOW HITPOINT WARNING * * *
You feel drained.
* * * LOW HITPOINT WARNING * * *
Things that are here:
a +3 great sword of freezing; a +0 robe You closely miss the wight.
The wight is severely damaged.
The wight hits you with a +3 spear!
You die...

#.....)...............######
#.#####......................
#..........########..[####...
#######........####...####
#......>..................
#.............#.##########
#.............#........
######'################
#....)@....... ######z.....##
#...........# #....)......#
#...........# #.......#...#
#########...# ####


You could see a wight.

Vanquished Creatures
  Grinder (D:6)
  A steam dragon (D:6)
  An orc warrior (D:6)
  A black bear (D:6)
  A phantom (D:5)
  A centaur (D:6)
  A kobold brigand (D:6)
  Blork the orc (D:4)
  A necrophage (D:4)
  A bullfrog (D:7)
  A gnoll sergeant (D:6)
  3 scorpions
  7 wights
  3 hounds
  6 orc priests
  2 jellies
  Terence (D:3)
  7 orc wizards
  Robin (D:2)
  8 gnolls
  5 adders
  A river rat (D:6)
  A shadow imp (D:6)
  2 white imps
  An ufetubus (D:3)
  3 worms
  2 dart slugs (D:3)
  17 orcs
  5 ball pythons
  4 endoplasms
  3 giant cockroaches
  12 goblins
  8 hobgoblins
  15 kobolds
  6 quokkas
  3 bats
  A frilled lizard (D:2)
  10 rats
148 creatures vanquished.

Notes
Turn   | Place    | Note
-------+----------+-------------------------------------------
     0 | D:1      | Icepheonix32 the Minotaur Fighter began the quest for the
                  | Orb.
     0 | D:1      | Reached XP level 1. HP: 19/19 MP: 0/0
    15 | D:1      | Noticed a minotaur skeleton
    17 | D:1      | Noticed a minotaur skeleton
    28 | D:1      | Found Zakkuss's Antique Armour Shoppe.
    55 | D:1      | Found Demelarch's Jewellery Boutique.
   183 | D:1      | Found Teytteubb's Magic Scroll Shoppe.
   332 | D:1      | Found Osyurar's Assorted Antiques.
   337 | D:1      | Reached XP level 2. HP: 27/27 MP: 1/1
   409 | D:1      | Bought a scroll labelled CUUTTUAHIM for 24 gold pieces
   643 | D:1      | Found Yxkires's Magic Scroll Shop.
   646 | D:1      | Bought a scroll of identify for 20 gold pieces
   773 | D:2      | Noticed Robin
   779 | D:2      | Killed Robin
   780 | D:2      | Reached XP level 3. HP: 30/34 MP: 2/2
  1234 | D:2      | Found a faded altar of an unknown god.
  1632 | D:1      | Bought a scroll labelled SID PEMPUCOFF for 24 gold pieces
  1632 | D:1      | Bought a scroll labelled PADOMP QUFOC for 24 gold pieces
  1632 | D:1      | Bought a scroll labelled HEANILI SOSK for 24 gold pieces
  1703 | D:3      | Reached XP level 4. HP: 31/41 MP: 3/3
  2168 | D:3      | Noticed Terence
  2179 | D:3      | Killed Terence
  2563 | D:4      | Reached XP level 5. HP: 15/47 MP: 4/4
  3099 | D:1      | Bought 2 dark potions for 43 gold pieces
  3208 | D:4      | Found a staircase to the Ecumenical Temple.
  3218 | Temple   | Entered the Ecumenical Temple
  3399 | Temple   | Became a worshipper of Warmaster Okawaru
  3459 | D:4      | Identified the +2 robe of Greed {rElec Dex+2}
  3476 | D:4      | Reached skill level 5 in Axes
  3476 | D:4      | Reached skill level 5 in Armour
  3476 | D:4      | Reached skill level 1 in Dodging
  3476 | D:4      | Reached skill level 1 in Invocations
  3476 | D:4      | Reached XP level 6. HP: 32/55 MP: 5/5
  3719 | D:4      | Noticed Blork the orc
  3723 | D:4      | Reached skill level 5 in Fighting
  3734 | D:4      | HP: 2/56 [Blork the orc/+3 glaive (14)]
  3736 | D:4      | Killed Blork the orc
  4156 | D:4      | Found a hazy altar of Hepliaklqana.
  4181 | D:4      | Found a shadowy altar of Dithmenos.
  4181 | D:4      | Noticed a shadow
  4187 | D:4      | Reached * piety under Okawaru
  4488 | D:5      | Entered Level 5 of the Dungeon
  4724 | D:5      | Reached XP level 7. HP: 53/61 MP: 7/7
  4808 | D:5      | Reached skill level 1 in Polearms
  4846 | D:5      | Found Viaps's Elemental Accessories.
  5365 | D:5      | You fall into a shaft and drop 2 floors!
  5401 | D:6      | Noticed Grinder
  5408 | D:6      | Paralysed by Grinder for 2 turns
  5419 | D:6      | Killed Grinder
  5419 | D:6      | Reached ** piety under Okawaru
  5420 | D:6      | Reached XP level 8. HP: 45/70 MP: 7/9
  5443 | D:6      | Reached skill level 1 in Maces & Flails
  5708 | D:6      | Reached skill level 1 in Throwing
  5820 | D:6      | Reached *** piety under Okawaru
  6760 | D:6      | Reached XP level 9. HP: 71/78 MP: 11/11
  7061 | D:7      | Slain by a wight

Illustrated notes

Levels and vault maps discovered:
D:1:      shiori_arrival_whats_in_store_for_you, layout_basic, serial_shops,
          nicolae_shop_behind_doors, shop, nicolae_shop_hallway_stairs, shop,
          shop
D:2:      layout_rooms, ebering_ecumenical_altar_ruins,
          nicolae_underground_beach, uniq_robin
D:3:      layout_loops_ring, minmay_distorted, uniq_terence
D:4:      layout_loops_ring, riverfiend_overflow_shadow_ancestor,
          minmay_temple_entry_crystal_x, chequers_serial_rivers_room_b,
          minivault_11, kennysheep_generic_room_11, uniq_blork_the_orc
D:5:      cheibrodos_barr_body, layout_basic, chequers_serial_rivers_micro_b,
          minmay_misc_feat_alley, nicolae_elemental_shop
D:6:      layout_loops_cross, portal_sewer_entry_e, uniq_grinder
D:7:      layout_basic
Temple:   bh_familiar_temple

Skill      XL: |  1  2  3  4  5  6  7  8  9 |
---------------+----------------------------+-----
Fighting       | 4 5 6 7 |  7.5
Shields        | 4 |  4.4
Axes           | 3 4 5 |  5.2
Armour         | 4 5 6 7 |  7.7
Dodging        | 1 2 3 |  3.2
Invocations    | 1 2 4 |  4.7
Polearms       | 4 |  4.5
Maces & Flails | 3 4 |  4.1
Throwing       | 1 |  1.0
Stealth        | |  0.7

Action                   |  1- 3 |  4- 6 |  7- 9 || total
-------------------------+-------+-------+-------++-------
Melee: War axe           |    75 |    84 |       ||   159
       Headbutt          |    14 |    15 |    23 ||    52
       Glaive            |       |    25 |    57 ||    82
       Flail             |       |       |   131 ||   131
       Punch             |       |       |     3 ||     3
Throw: Javelin           |       |       |     9 ||     9
  Use: Potion            |       |     1 |    11 ||    12
       Scroll            |       |       |    17 ||    17
Armor: Scale mail        |    34 |    52 |   156 ||   242
       Skin              |       |       |     9 ||     9
Dodge: Dodged            |    36 |    49 |   113 ||   198
Block: Buckler           |    14 |    25 |       ||    39
